 Dungeon Crawl Stone Soup version 0.28-a0-511-gcc94558de3 (webtiles) character file.

Game seed: 4837809638332644711

204 frimble the Stinger (level 5, -3/36 HPs)
             Began as a Demonspawn Venom Mage on Sept 22, 2021.
             Killed by divine providence
             ... invoked by an orc priest
              (10 damage)
             ... on level 4 of the Dungeon.
             The game lasted 00:03:54 (5692 turns).

frimble the Stinger (Demonspawn Venom Mage)         Turns: 5692, Time: 00:03:54

Health: -3/36      AC:  4    Str:  8    XL:     5   Next: 52%
Magic:  8/8        EV: 12    Int: 18    God:
Gold:   109        SH:  0    Dex: 13    Spells: 7/8 levels left

rFire   . . .      SeeInvis +   d - +0 dagger
rCold   . . .      Faith    .   (no shield)
rNeg    + . .      Spirit   .   a - +0 robe
rPois   .          Reflect  .   (helmet restricted)
rElec   .          Harm     .   (no cloak)
rCorr   .          Rampage  .   (no gloves)
Will    .....                   h - +0 pair of boots
Stlth   ++........              (no amulet)
HPRegen 0.12/turn               c - ring of positive energy
MPRegen 0.22/turn               i - ring of see invisible

@: no status effects
A: antennae 1, rugged brown scales 1, magic regeneration
a: no special abilities


You were on level 4 of the Dungeon.
You visited 1 branch of the dungeon, and saw 4 of its levels.

You collected 109 gold pieces.

Inventory:

Hand Weapons
 d - a +0 dagger (weapon)
Armour
 a - a +0 robe (worn)
 e - a +0 buckler
 h - a +0 pair of boots (worn)
Jewellery
 c - a ring of positive energy (left hand)
 i - a ring of see invisible (right hand)
Scrolls
 b - 3 scrolls of magic mapping
 f - 2 scrolls of identify
 g - 4 scrolls of teleportation
 j - a scroll of immolation {unknown}
 k - a scroll of enchant weapon {unknown}
 l - a scroll of torment {unknown}
 m - a scroll of fog {unknown}


   Skills:
 - Level 1.7 Dodging
 - Level 1.7 Stealth
 + Level 2.4 Shields
 - Level 2.0 Spellcasting
 - Level 0.8 Transmutations
 + Level 5.5 Poison Magic


You had 7 spell levels left.
You knew the following spells:

 Your Spells              Type           Power      Damage    Failure   Level
a - Sting                 Tmut/Pois      52%        1d5       4%          1

Your spell library contained the following spells:

 Spells                   Type           Power      Damage    Failure   Level
 Poisonous Vapours        Pois/Air       22%        N/A       9%          2
 Olgreb's Toxic Radiance  Pois           21%        N/A       19%         4
 Mephitic Cloud           Conj/Pois/Air  8%         N/A       26%         3


Dungeon Overview and Level Annotations

Branches:
Dungeon (4/15)
 Temple: D:4-7

Altars:

Shops:
D:1 (

Annotations:
D:4 1 runed translucent door, AttackTheMoon's ghost, novice OpTm


Innate Abilities, Weirdness & Mutations

You have a pair of small antennae on your head.
You are partially covered in rugged brown scales. (AC +1, +3% HP)
You regenerate magic rapidly.


Message History

The sting hits the hobgoblin.
The hobgoblin is poisoned.
The hobgoblin is moderately wounded.
Casting: Sting (safe; 4% risk of failure)
Confirm with . or Enter, or press ? or * to list all spells.
Aiming: Sting (safe; 4% risk of failure)
Press: ? - help, Shift-Dir - straight line, f/p - hobgoblin
Aim: a hobgoblin (moderately wounded, poisoned, 71% to hit)
The sting hits the hobgoblin.
The hobgoblin looks even sicker.
You kill the hobgoblin!
You see here a scroll of teleportation.
An orc is nearby!
An orc is nearby!
g - 4 scrolls of teleportation (gained 1)
The orc priest shouts!
You hear a shout!
An orc priest comes into view. It is wielding a +0 dagger.
An orc comes into view. It is wielding a +0 club.
The orc shouts!
An orc priest comes into view. It is wielding a +0 falchion.
Casting: Sting (safe; 4% risk of failure)
Confirm with . or Enter, or press ? or * to list all spells.
Aiming: Sting (safe; 4% risk of failure)
Press: ? - help, Shift-Dir - straight line, f - orc
Aim: an orc, wielding a +0 dagger (71% to hit)
The sting hits the orc.
The orc is poisoned.
The orc is heavily wounded.
The orc priest shouts!
The orc shouts!
The orc priest mumbles some strange prayers to Beogh against you.
Beogh smites you!
The orc priest looks braver for a moment.
You kill the orc!
The orc priest invokes the aid of Beogh against you.
Beogh smites you!
The orc priest calls down the wrath of Beogh upon you.
Beogh smites you!
* * * LOW HITPOINT WARNING * * *
AttackTheMoon's ghost wails.
The orc priest begins to cast a cantrip, but forgets the words!
The orc priest calls down the wrath of Beogh upon you.
Beogh smites you!
You die...

#....... #.# .######.#..#.#
.# #.# ...........#.# #.#.###
#.# #.........#.# #.#... #.#
#.....#...#.##+#'#.# #.#
#.#................# #.#
#.#.#.......#......## #.#
#.#.#...............# #.#
#.#.#.###....@....#.# #.#
####.#.#.###.........#.# #.#
..........##....#'#'##.# #.#
.###.#.#..##....#.#.##.####.#
#.#
............o.........>.....#
#.#
.#####.##o###...######.####.#
#.# .# #.##.# #........#.##
#.# o# #.##o#
#......#....###.# #.# .#
#.##.# #.#.##.#........# #.#


You could see an orc priest and an orc.

Vanquished Creatures
  Natasha (thrice) (D:2)
  An orc wizard (D:3)
  5 adders
  A dart slug (D:1)
  5 orcs
  2 ball pythons
  4 bats (D:1)
  7 endoplasms
  4 giant cockroaches
  3 goblins
  A hobgoblin (D:4)
  6 quokkas
  A frilled lizard (D:1)
  9 kobolds
  5 rats
57 creatures vanquished.

Notes
Turn   | Place    | Note
-------+----------+-------------------------------------------
     0 | D:1      | frimble the Demonspawn Venom Mage began the quest for the
                  | Orb.
     0 | D:1      | Reached XP level 1. HP: 13/13 MP: 3/3
   746 | D:1      | Gained mutation: You regenerate magic rapidly. [demonic
                  | ancestry]
   746 | D:1      | Reached XP level 2. HP: 14/19 MP: 0/5
  1609 | D:1      | Reached skill level 4 in Poison Magic
  1930 | D:1      | Found a faded altar of an unknown god.
  1943 | D:1      | Found Raotsach's Antique Weapon Emporium.
  2387 | D:2      | Reached XP level 3. HP: 17/24 MP: 1/6
  2762 | D:2      | Noticed Natasha
  2771 | D:2      | Killed Natasha
  2772 | D:2      | Gained mutation: You have a pair of small antennae on your
                  | head. [demonic ancestry]
  2772 | D:2      | Reached XP level 4. HP: 6/30 MP: 2/7
  3096 | D:2      | Noticed Natasha
  3109 | D:2      | Killed Natasha
  3110 | D:2      | Reached skill level 1 in Shields
  3174 | D:2      | Reached skill level 5 in Poison Magic
  3313 | D:2      | Noticed Natasha
  3329 | D:2      | Killed Natasha
  3814 | D:3      | Gained mutation: You are partially covered in rugged brown
                  | scales. (AC +1, +3% HP) [demonic ancestry]
  3814 | D:3      | Reached XP level 5. HP: 19/36 MP: 5/8
  5620 | D:4      | Found a runed translucent door.
  5620 | D:4      | Noticed AttackTheMoon's ghost (novice OpTm)
  5692 | D:4      | Killed from afar by an orc priest

Illustrated notes

Levels and vault maps discovered:
D:1:      mrwooster_arrival_statue, layout_basic,
          shapermc_ecumenical_altar_starsandcircs, serial_shops, shop
D:2:      layout_basic, uniq_natasha
D:3:      layout_basic
D:4:      layout_basic, okawaru_ov_weapons_minmay, gammafunk_ghost_grave,
          chequers_serial_rivers_room_a

Skill      XL: |  1  2  3  4  5 |
---------------+----------------+-----
Poison Magic   | 4 5 |  5.5
Shields        | 1 2 |  2.4
Dodging        | |  1.7
Stealth        | |  1.7
Spellcasting   | |  2.0
Transmutations | |  0.8

Action                   |  1- 3 |  4- 6 || total
-------------------------+-------+-------++-------
Melee: Unarmed           |    60 |       ||    60
       Dagger            |    28 |    47 ||    75
 Cast: Sting             |    52 |    52 ||   104
  Use: Scroll            |     1 |     1 ||     2
       Potion            |       |     1 ||     1
 Stab: Sleeping          |     6 |     2 ||     8
Armor: Robe              |    30 |    18 ||    48
Dodge: Dodged            |    88 |    49 ||   137

Table legend: (Time is in decaauts)
 A = Elapsed time spent in this place.
 B = Non-inter-level travel time spent in this place.
 C = Inter-level travel time spent in this place.
 D = Time resting spent in this place.
 E = Time spent auto-exploring this place.
 F = Levels seen in this place.
 G = Mean time per level.
                   A        B        C        D        E       F      G
               +--------+--------+--------+--------+--------+-----+--------+
         Total |   5699 |   5494 |    205 |      2 |   4858 |   4 | 1424.8 |
       Dungeon |   5699 |   5494 |    205 |      2 |   4858 |   4 | 1424.8 |
               +--------+--------+--------+--------+--------+-----+--------+

Top non-repeatable levels by time:
     D:1: 2365 daAuts
     D:2: 1388 daAuts
     D:3: 1213 daAuts
     D:4: 732 daAuts
